 Dungeon Crawl Stone Soup version 0.20.0-6-gd3061e9 (console) character file.

397 removed the Insei (level 6, -3/28 HPs)
             Began as a Vine Stalker Earth Elementalist on May 28, 2017.
             Was an Initiate of Ru.
             Slain by a centaur (4 damage)
             ... on level 5 of the Dungeon.
             The game lasted 00:07:05 (3817 turns).

removed the Insei (Vine Stalker Earth Elementalist) Turns: 3817, Time: 00:07:06

Health: -3/28      AC:  3    Str: 11    XL:     6   Next: 83%
Magic:  0/10       EV: 12    Int: 15    God:    Ru [......]
Gold:   178        SH:  0    Dex: 16    Spells: 8/9 levels left

rFire    . . .     SeeInvis .     - Unarmed
rCold    . . .     Gourm    .   (no shield)
rNeg     . . .     Faith    .   c - +0 robe
rPois    .         Spirit   +   (no helmet)
rElec    .         Reflect  .   (no cloak)
rCorr    .         Harm     .   t - +0 pair of gloves
MR       .....                  (no boots)
Stlth    ++........             (no amulet)
Regen    0.5/turn               n - +3 ring of slaying
MPRegen  0.2/turn               (no ring)

@: no status effects
A: fangs 2, regeneration 1, magic shield, antimagic bite, no potion heal 3, rot
immunity
a: Renounce Religion


You were on level 5 of the Dungeon.
You worshipped Ru.
Ru was noncommittal.
You were very hungry.

You visited 2 branches of the dungeon, and saw 6 of its levels.

You collected 178 gold pieces.

Inventory:

Missiles
 b - 75 stones (quivered)
Armour
 c - a +0 robe (worn)
 t - a +0 pair of gloves (worn)
Jewellery
 n - a +3 ring of slaying (left hand)
Scrolls
 g - a scroll of remove curse
 i - 2 scrolls of teleportation {unknown}
 k - 2 scrolls of immolation {unknown}
 l - 5 scrolls of identify
 o - a scroll of recharging {unknown}
 p - a scroll of amnesia {unknown}
 u - a scroll of enchant armour {unknown}
Potions
 q - 2 potions of brilliance
Books
 e - a book of Geomancy

   Spells                             Type                      Level
   a - Sandblast                      Earth                        1
   b - Passwall                       Transmutation/Earth          2
   c - Stone Arrow                    Conjuration/Earth            3
   d - Petrify                        Transmutation/Earth          4
   e - Lee's Rapid Deconstruction     Earth                        5
 s - a book of Maledictions

   Spells                             Type                      Level
   a - Corona                         Hexes                        1
   b - Ensorcelled Hibernation        Hexes/Ice                    2
   c - Confuse                        Hexes                        3
   d - Tukima's Dance                 Hexes                        3
   e - Dazzling Spray                 Conjuration/Hexes            3
Comestibles
 d - 4 bread rations
 m - a meat ration


   Skills:
 - Level 1.5 Dodging
 - Level 2.4 Stealth
 + Level 6.6 Unarmed Combat
 - Level 2.1 Spellcasting
   Level 1.0 Transmutations
 - Level 3.0 Earth Magic


You had 8 spell levels left.
You knew the following spells:

 Your Spells              Type           Power        Failure   Level  Hunger
a - Sandblast             Erth           ##....       6%          1    #......


Dungeon Overview and Level Annotations

Branches:
Dungeon (5/15)             Temple (1/1) D:4

Altars:
Ashenzari
Cheibriados
Elyvilon
Hepliaklqana
Nemelex Xobeh
Okawaru
Qazlal
Ru
Uskayaw
Vehumet
Xom
Zin

Annotations:
D:4 exclusion: ogre
D:5 Duvessa


Innate Abilities, Weirdness & Mutations

You have extremely sharp teeth.
Your natural rate of healing is unusually fast.
When hurt, damage is shared between your health and your magic reserves.
Your bite disrupts and absorbs the magic of your enemies.
Potions cannot restore your health.
You are immune to rotting.


Message History

k - 2 scrolls labeled KEGHATR ASIETZ (gained 1)
You now have 178 gold pieces (gained 13).
Found a scroll labeled MEQOOM ILIN.
Found a stone staircase leading up.
A centaur comes into view.
The centaur wields a shortbow.
The centaur shoots an arrow.
The arrow hits you!
You see here an arrow.
A centaur is nearby!
The centaur shoots an arrow.
The arrow hits you!
Found a chain mail and 13 gold pieces.
Found a stone staircase leading up.
You see here an arrow.
The centaur unwields an uncursed shortbow.
The centaur hits you!
* * * LOW HITPOINT WARNING * * *
Found 31 stones and 11 gold pieces.
Found a stone staircase leading down.
You punch the centaur!
The centaur is moderately wounded.
The centaur hits you!
* * * LOW HITPOINT WARNING * * *
The centaur hits you.
You die...

..........##....#...###
........##.##....#... #
.................# . #
..<..............+ ..
..#...#.##.##.#..# .
(..........##.#..#
#.....##.##.#..#
###.....(.(.......
.......@##.##.#...
......c....?..#
.#.............
.[...............
.#...<#..#.##.#..
#....#..... .. .
.....$....... #.
.....$....>...


You could see a centaur.

Vanquished Creatures
  An ogre (D:4)
  A scorpion (D:3)
  A gnoll shaman (D:4)
  A bullfrog skeleton (D:4)
  An orc priest (D:4)
  A worker ant (D:4)
  A howler monkey skeleton (D:4)
  4 adders
  3 gnolls (D:4)
  5 dart slugs
  2 leopard geckos (D:4)
  5 orcs
  8 bats
  4 giant cockroaches
  9 goblins
  8 hobgoblins
  2 quokkas
  4 frilled lizards
  2 kobolds
  9 rats
72 creatures vanquished.

Notes
Turn   | Place    | Note
-------+----------+-------------------------------------------
     0 | D:1      | removed the Vine Stalker Earth Elementalist began the quest for the Orb.
     0 | D:1      | Reached XP level 1. HP: 9/9 MP: 4/4
   156 | D:1      | Reached skill level 1 in Unarmed Combat
   306 | D:1      | Reached XP level 2. HP: 13/13 MP: 6/6
   420 | D:1      | Reached skill level 2 in Unarmed Combat
  1043 | D:2      | You fall through a shaft!
  1100 | D:3      | Reached XP level 3. HP: 15/16 MP: 7/7
  1534 | D:2      | Reached skill level 3 in Unarmed Combat
  1938 | D:3      | Noticed a scorpion
  2072 | D:3      | Gained mutation: Your natural rate of healing is unusually fast. [Vine Stalker growth]
  2072 | D:3      | Reached XP level 4. HP: 16/21 MP: 8/8
  2077 | D:3      | Found a hazy altar of Hepliaklqana.
  2078 | D:3      | Found a shimmering altar of Xom.
  2120 | D:3      | Found an iron altar of Okawaru.
  2414 | D:4      | Noticed an ogre
  2416 | D:4      | Noticed an ogre
  2462 | D:4      | Reached skill level 4 in Unarmed Combat
  2488 | D:4      | Noticed an ogre
  2544 | D:4      | Reached XP level 5. HP: 22/24 MP: 9/9
  2618 | D:4      | Reached skill level 5 in Unarmed Combat
  2786 | D:4      | Found a staircase to the Ecumenical Temple.
  2915 | D:3      | Reached XP level 6. HP: 21/28 MP: 7/10
  3078 | D:4      | Reached skill level 6 in Unarmed Combat
  3420 | Temple   | Entered the Ecumenical Temple
  3563 | Temple   | Became a worshipper of Ru the Awakened
  3773 | D:5      | Entered Level 5 of the Dungeon
  3778 | D:5      | Noticed Duvessa
  3817 | D:5      | HP: 1/28 [centaur (7)]
  3817 | D:5      | Slain by a centaur

Skill      XL: |  1  2  3  4  5  6 |
---------------+-------------------+-----
Unarmed Combat | 1 2 3 4 5 6 |  6.6
Dodging        | |  1.5
Stealth        | |  2.4
Spellcasting   | |  2.1
Transmutations | |  1.0
Earth Magic    | |  3.0

Action                   |  1- 3 |  4- 6 || total
-------------------------+-------+-------++-------
Melee: Unarmed           |    98 |    89 ||   187
       Bite              |    23 |    24 ||    47
       Punch             |     1 |     1 ||     2
  Use: Scroll            |       |     3 ||     3
       Potion            |       |     1 ||     1
 Stab: Sleeping          |     7 |     2 ||     9
       Distracted        |       |     1 ||     1
  Eat: Chunk             |     3 |     5 ||     8
Armor: Robe              |    19 |    13 ||    32
Dodge: Dodged            |    50 |    32 ||    82
